Dins, chaotic male vampiric Barbarian ---------- |........| |........| # |.........#####@# |........| E# |.......>| ### |........| -|-------- ### # ## ----.-- |....<. |.....| |...... ------- Dins the Bandit Experience level: 9 Strength: 18 Dexterity: 16 Constitution: 20 Intelligence: 7 Wisdom: 7 Charisma: 7 Health: 0(101) Energy: 34(34) AC: 1 Gold: 1447 Moves: 3824 Your Inventory: Coins $ - 1447 gold pieces Weapons a - an uncursed rusty +0 battle-axe (weapon in hands) b - an uncursed +0 short sword Armor g - an uncursed +0 bronze plate mail (being worn) G - an uncursed +0 orcish helm (being worn) M - an uncursed +0 pair of iron shoes (being worn) O - a blessed +0 dwarvish cloak (being worn) X - an [uncursed +0] pair of iron shoes Z - an [uncursed +0] pair of iron shoes Scrolls h - 2 uncursed scrolls labeled KERNOD WEL [of light] s - a blessed scroll labeled HZLRC KSTSBD MPFNG [of teleportation] u - a [blessed] scroll labeled ETAOIN SHRDLU [of create monster] v - an [uncursed] scroll labeled FNORD [of stinking cloud] H - an uncursed scroll labeled LOREN IPSUM [of enchant armor] U - a [blessed] scroll labeled SODALG [of identify] V - 2 [uncursed] unlabeled scrolls [of blank paper] Potions d - an [uncursed] magenta potion [of gain ability] k - an uncursed amber potion [of hallucination] m - a [cursed] gooey potion [of booze] r - a [blessed] ruby potion [of paralysis] Rings j - an uncursed ring of stealth (on right hand) l - a [blessed +0] shiny ring [of increase damage] T - a [cursed -2] emerald ring [of gain wisdom] Wands e - a [cursed] wand of striking [0:0] i - an uncursed zinc wand [of opening (0:7)] w - an uncursed wand of striking [0:1] I - an uncursed wand of striking [0:5] N - an uncursed maple wand [of cold (0:7)] Tools f - an uncursed towel n - 23 uncursed [wax] candles o - an [uncursed] brass lantern t - 6 uncursed [tallow] candles Y - an [uncursed +0] pick-axe Gems c - an [uncursed] green gem [worthless glass] q - an [uncursed] violet gem [worthless glass] Spells known in the end: Name Level Category Fail Memory Your skills at the end: Fighting Skills bare handed combat [Basic / Master] Weapon Skills axe [Basic / Expert] short sword [Basic / Expert] Spellcasting Skills Final Attributes: You were piously aligned. Hunger level was 103. Your alignment was 28 / 29. Monster difficulty range was 1 - 9. Level difficulty was 10. You were immune to poison. You were immune to level-drain. You were stealthy. You could fly. You could survive without air. You regenerated. You were fast. Your luck was zero. You are dead. Vanquished creatures: a large mimic a stalker a small mimic a xan a freezing sphere a shocking sphere a large cat a pit viper a quivering blob 2 cockatrices a dwarf lord an ape a human zombie 2 snow ants 6 bugbears a water nymph a mountain nymph an orc shaman 3 rock piercers an enormous rat a rock mole a yellow light a shrieker 4 gnome lords a kobold mummy a guardian naga hatchling a ghoul a wax golem 4 giant ants 8 dwarves a homunculus a kobold shaman 4 hill orcs a rabid rat 4 orc zombies a wererat a werejackal an iguana 2 killer bees 3 hobbits 5 hobgoblins 2 giant rats 4 cave spiders a yellow mold a red mold 26 gnomes 4 gnome zombies 4 geckos 4 jackals a goblin a sewer rat 2 grid bugs a bat 2 lichens 3 newts 132 creatures vanquished. Voluntary challenges: You were illiterate. You used a wielded weapon 135 times. You put on armor 19 times. You never genocided any monsters. You never polymorphed an object. You changed form 1 time. You used no wishes. You never wrote Elbereth's name. You never encountered a bones level. You never used any Sokoban shortcuts. Dungeon overview: The Dungeons of Doom: levels 1 to 10 Level 1 a sink a long staircase Level 2 a sink stairs to The Gnomish Mines Level 4 an altar to Set Level 5 some fountains Level 6 a fountain Level 7 a fountain, a throne Level 8 a general store, a fountain Level 9 many fountains Level 10 <- You were here The Gnomish Mines: levels 3 to 5 Level 3 stairs to The Dungeons of Doom Level 5 some shops, a temple, a magic chest, some fountains, some trees History has recorded: On T:1 you entered the Dungeons of Doom to retrieve the Amulet of Yendor! On T:210 you reached level 2 of The Dungeons of Doom. On T:490 you advanced to experience level 2. On T:493 you advanced to experience level 3. On T:682 you reached level 1 of The Gnomish Mines. On T:708 you advanced to experience level 4. On T:760 you advanced to experience level 5. On T:828 you advanced to experience level 6. On T:1050 you reached level 2 of The Gnomish Mines. On T:1281 you advanced to experience level 7. On T:1363 you reached level 3 of The Gnomish Mines. On T:1820 you reached level 3 of The Dungeons of Doom. On T:2047 you reached level 4 of The Dungeons of Doom. On T:2245 you reached level 5 of The Dungeons of Doom. On T:2588 you reached level 6 of The Dungeons of Doom. On T:2600 you advanced to experience level 8. On T:2893 you reached level 7 of The Dungeons of Doom. On T:3124 you reached level 8 of The Dungeons of Doom. On T:3515 you reached level 9 of The Dungeons of Doom. On T:3554 you advanced to experience level 9. On T:3788 you reached level 10 of The Dungeons of Doom. Latest messages: You have a little trouble lifting $ - 199 gold pieces. [HP+1=95] [HP+1=96] [HP+1=97] [HP+1=98] [HP+1=99] [HP+1=100] Hit points restored. [HP+1=101] The fire elemental hits! You smite the fire elemental! You are suddenly very hot! You miss the fire elemental. You are suddenly very hot! The fire elemental hits! [HP-47=54] You smite the fire elemental! You bite the fire elemental. You are suddenly very hot! The fire elemental hits! [HP-22=32] You miss the fire elemental. You are suddenly very hot! You bite the fire elemental. The fire elemental suddenly seems weaker! You are suddenly very hot! You die... Final status: Goodbye Dins the Barbarian... You died in The Dungeons of Doom on dungeon level 10 with 8294 points, and 1447 pieces of gold, after 3824 moves. You were level 9 with a maximum of 101 hit points when you died.